 Dungeon Crawl Stone Soup version 0.27-a0-1196-g3e9cee4cb2 (webtiles) character file.

Game seed: 17284309547849275163

2 bande the Skirmisher (level 1, 0/14 HPs)
             Began as a Gargoyle Fighter on May 29, 2021.
             Slain by an endoplasm (2 damage)
             ... on level 1 of the Dungeon.
             The game lasted 00:00:15 (76 turns).

bande the Skirmisher (Gargoyle Fighter)               Turns: 76, Time: 00:00:16

Health: 0/14       AC:  9    Str: 19    XL:     1   Next: 40%
Magic:  1/1        EV:  4    Int:  8    God:
Gold:   6          SH:  9    Dex:  9    Spells: 0/0 levels left

rFire    . . .     SeeInvis .   a - +0 war axe
rCold    . . .     Faith    .   c - +0 kite shield
rNeg     + . .     Spirit   .   b - +0 scale mail
rPois    ∞         Reflect  .   (no helmet)
rElec    +         Harm     .   (no cloak)
rCorr    .         Rampage  .   (no gloves)
Will     .....                  (no boots)
Stlth    ..........             (no amulet)
HPRegen  0.04/turn              (no ring)
MPRegen  0.07/turn              (no ring)

@: constricted
A: sickness immunity, AC +2, negative energy resistance 1, electricity
resistance, torment resistance 1, petrification resistance
a: no special abilities


You were on level 1 of the Dungeon.
You visited 1 branch of the dungeon, and saw 1 of its levels.

You collected 6 gold pieces.

Inventory:

Hand Weapons
 a - a +0 war axe (weapon)
Armour
 b - a +0 scale mail (worn)
 c - a +0 kite shield (worn)
Scrolls
 e - a scroll of noise {unknown}
Potions
 d - 2 potions of might


   Skills:
 + Level 3.3 Fighting
 + Level 1.7 Axes
 + Level 3.3 Armour
 + Level 3.3 Shields


You couldn't memorise any spells.
You didn't know any spells.
Your spell library was empty.

Dungeon Overview and Level Annotations

Branches:
Dungeon (1/15)

Altars:


Innate Abilities, Weirdness & Mutations

You are immune to sickness and miasma.
Your stone body is resilient. (AC +2)
You are immune to poison.
You resist negative energy. (rN+)
You are resistant to electric shocks. (rElec)
You are resistant to unholy torment.
You are immune to petrification.


Message History

No target in view!
No target in view!
e - a scroll labelled VUPSAL YRURY A frilled lizard comes into view.
The frilled lizard hisses angrily.
You see here a scroll labelled BASAGH TEXE.
A goblin comes into view. It is wielding a +0 dagger.
The goblin shouts!
A ball python comes into view.
The ball python hisses angrily.
An endoplasm comes into view.
The endoplasm quivers.
The frilled lizard bites you but does no damage.
You barely miss the frilled lizard. You block the frilled lizard's attack.
The frilled lizard bites you but does no damage.
You closely miss the ball python. You slash the frilled lizard!
You kill the frilled lizard!
The ball python completely misses you. You block the ball python's attack.
You block the goblin's attack.
The ball python bites you but does no damage.
The ball python grabs you. The ball python constricts you.
You closely miss the ball python. You closely miss the goblin.
The goblin hits you but does no damage. The ball python barely misses you.
The ball python constricts you. You block the goblin's attack.
The ball python bites you but does no damage.
The ball python constricts you. The endoplasm freezes you.
You are frozen.
Your shield and scale mail prevent you from hitting the ball python.
You hit the goblin. You barely miss the endoplasm. The ball python bites you.
The ball python constricts you. The goblin hits you but does no damage.
The endoplasm freezes you.
You are frozen.
* * * LOW HITPOINT WARNING * * *
You block the ball python's attack. The ball python constricts you.
You block the goblin's attack.
You closely miss the ball python.
Your shield and scale mail prevent you from hitting the endoplasm.
You closely miss the goblin. The endoplasm hits you.
You die...

.. ..... .####.....
.......... #.........
.. #......... #.###
#.........
....#####.Sg...... ...
#........@....... ...
#...).....J...... ...
#.....!....?..... ...
#.....?.###..#.## ...##
#.......## .#..# ....#
#........##...##
#...####..............
##.......).....##.!....
.....................


You could see an endoplasm, a goblin and a ball python.

Vanquished Creatures
  A giant cockroach (D:1)
  A bat (D:1)
  A frilled lizard (D:1)
3 creatures vanquished.

Notes
Turn   | Place    | Note
-------+----------+-------------------------------------------
     0 | D:1      | bande the Gargoyle Fighter began the quest for the Orb.
     0 | D:1      | Reached XP level 1. HP: 14/14 MP: 1/1
     2 | D:1      | Noticed a minotaur skeleton
    15 | D:1      | Noticed a minotaur skeleton
    20 | D:1      | Noticed a minotaur skeleton
    76 | D:1      | Slain by an endoplasm

Illustrated notes

Levels and vault maps discovered:
D:1:      shiori_arrival_whats_in_store_for_you, layout_rooms,
          basic_ecumenical_altar, serial_bayou_pond_d, patterned_corridor

Action                   || total
-------------------------++-------
Melee: War axe           ||    19
Armor: Scale mail        ||    19
Dodge: Dodged            ||    10
Block: Kite shield       ||    12

Table legend: (Time is in decaauts)
 A = Elapsed time spent in this place.
 B = Non-inter-level travel time spent in this place.
 C = Inter-level travel time spent in this place.
 D = Time resting spent in this place.
 E = Time spent auto-exploring this place.
 F = Levels seen in this place.
 G = Mean time per level.
                   A        B        C        D        E       F      G
               +--------+--------+--------+--------+--------+-----+--------+
         Total |     88 |     88 |      0 |      0 |     43 |   1 |   88.0 |
       Dungeon |     88 |     88 |      0 |      0 |     43 |   1 |   88.0 |
               +--------+--------+--------+--------+--------+-----+--------+

Top non-repeatable levels by time:
     D:1: 88 daAuts
